 Dungeon Crawl Stone Soup version 0.30-a0-29-g142975f185 (webtiles) character file.

Game seed: 13154674272182940431

85355 porpoise the Warrior (level 15, -1/131 HPs)
             Began as a Merfolk Gladiator on Aug 26, 2022.
             Was an Initiate of Yredelemnul.
             Killed from afar by a raiju (3 damage)
             ... with a living lightning
             ... on level 3 of the Abyss on Aug 27, 2022.
             The game lasted 01:47:42 (27957 turns).

porpoise the Warrior (Merfolk Gladiator)           Turns: 27957, Time: 01:47:42

Health: -1/131     AC: 27    Str: 22    XL:     15   Next: 83%
Magic:  25/25      EV: 21    Int:  8    God:    Yredelemnul [......]
Gold:   1588       SH:  6    Dex: 23    Spells: 14/14 levels left

rFire   + . .      SeeInvis +    a - +2 trident (protect)
rCold   + . .      Faith    +    w - +0 buckler
rNeg    . . .      Spirit   .    F - +4 scale mail "Put-Me-On" {rF+ SInv}
rPois   .          Reflect  .    e - +0 helmet "Xuahel Asua" {rC+}
rElec   .          Harm     .    h - +0 cloak of Existentialism {+Inv Dex+4}
rCorr   .          Rampage  .    s - +0 pair of gloves
Will    +....                    f - +2 pair of boots of Soft Rains {Str+4 SInv}
Stlth   +.........               y - amulet of faith
HPRegen 0.31/turn                r - +4 ring of protection
MPRegen 0.19/turn                D - +4 ring of slaying

@: under a protective aura
A: (nimble swimmer 2), mertail, [deformed body], [screaming 2]
a: Renounce Religion, Evoke Invisibility, Recall Undead Harvest


You were on level 3 of the Abyss.
You worshipped Yredelemnul.
Yredelemnul was pleased with you.
You visited 2 branches of the dungeon, and saw 20 of its levels.
You visited the Abyss 1 time.
You also visited: Volcano.

You collected 1918 gold pieces.
You spent 330 gold pieces at shops.

Inventory:

Hand Weapons
 a - a +2 trident of protection (weapon)
 b - a +2 sling of freezing
Missiles
 d - 5 throwing nets (quivered)
 i - 2 boomerangs
 P - 2 curare-tipped darts
Armour
 e - the +0 helmet "Xuahel Asua" (worn) {rC+}
   (You found it in a volcano)

   rC:        It protects you from cold.
 f - the +2 pair of boots of Soft Rains (worn) {Str+4 SInv}
   (You acquired it on level 8 of the Dungeon)

   Str:       It affects your strength (+4).
   SInv:      It lets you see invisible.
 h - the +0 cloak of Existentialism (worn) {+Inv Dex+4}
   (You found it on level 9 of the Dungeon)

   Dex:       It affects your dexterity (+4).
   +Inv:      It lets you turn invisible.
 s - a +0 pair of gloves (worn)
 w - a +0 buckler (worn)
 F - the +4 scale mail "Put-Me-On" (worn) {rF+ SInv}
   (You found it on level 4 of the Dungeon)

   rF:        It protects you from fire.
   SInv:      It lets you see invisible.
Magical Staves
 K - a staff of conjuration
Jewellery
 c - the amulet of Lyasela {rF+ rC+ Regen+}
   (You acquired it on level 4 of the Lair of Beasts)

   [amulet of regeneration]

   rF:        It protects you from fire.
   rC:        It protects you from cold.
   Regen:     It increases your rate of health regeneration.
 r - a +4 ring of protection (left hand)
 x - a ring of see invisible
 y - an amulet of faith (around neck)
 C - an amulet of guardian spirit
 D - a +4 ring of slaying (right hand)
Wands
 q - a wand of paralysis (5)
 G - a wand of mindburst (23)
 H - a wand of digging (25)
 L - a wand of flame (24)
 R - a wand of iceblast (5)
 S - a wand of polymorph (25)
 W - a wand of quicksilver (5)
Scrolls
 j - 4 scrolls of fear
 o - a scroll of brand weapon
 z - a scroll of summoning
 A - a scroll of teleportation
 E - a scroll of magic mapping
 I - a scroll of poison
 J - a scroll of noise
 M - a scroll of blinking
 Q - a scroll of enchant weapon
 T - a scroll of silence
 V - a scroll of torment
Potions
 g - 3 potions of ambrosia
 k - 4 potions of resistance
 m - 2 potions of haste
 n - 3 potions of magic
 p - 4 potions of attraction
 t - 2 potions of flight
 u - 7 potions of lignification
 B - 4 potions of berserk rage
 N - 12 potions of curing
 O - 5 potions of heal wounds
 U - a potion of might
Miscellaneous
 l - a phial of floods
 v - a condenser vane


   Skills:
 - Level 16.0 Fighting
 - Level 14.0 Polearms
 - Level 2.0 Throwing
 - Level 7.0 Armour
 + Level 15.6 Dodging
 - Level 5.0 Shields
 + Level 13.3 Invocations
 - Level 9.0 Evocations


You had 14 spell levels left.
You didn't know any spells.
Your spell library contained the following spells:

 Spells                   Type           Power      Damage    Failure   Level
 Apportation              Tloc           0%         N/A       80%         1
 Sandblast                Erth           0%         2d4       80%         1
 Passwall                 Tmut/Erth      0%         N/A       90%         2
 Static Discharge         Conj/Air       0%         3-3/arc   90%         2
 Sublimation of Blood     Necr           0%         N/A       90%         2
 Frozen Ramparts          Ice            0%         1d1       99%         3
 Gell's Gravitas          Tloc           0%         N/A       99%         3
 Ozocubu's Armour         Ice            0%         N/A       99%         3
 Stone Arrow              Conj/Erth      0%         3d7       99%         3
 Teleport Other           Tloc           0%         N/A       99%         3
 Ice Form                 Ice/Tmut       0%         N/A       100%        4
 Petrify                  Tmut/Erth      0%         N/A       100%        4
 Summon Ice Beast         Ice/Summ       0%         N/A       100%        4
 Irradiate                Conj/Tmut      0%         3d11      100%        5
 Iskenderun's Battlesphe  Conj           0%         2d6       100%        5
 Lightning Bolt           Conj/Air       0%         1d11      100%        5
 Metabolic Englaciation   Hex/Ice        0%         N/A       100%        5
 Dispersal                Tloc           0%         N/A       100%        6
 Iron Shot                Conj/Erth      0%         9d1       100%        6
 Ozocubu's Refrigeration  Ice            0%         4d7       100%        7
 Spellforged Servitor     Conj/Summ      0%         N/A       100%        7
 Maxwell's Capacitive Co  Air            0%         ∞         100%        8
 Simulacrum               Ice/Necr       Unusable   N/A       N/A         6

Dungeon Overview and Level Annotations

Branches:
Dungeon (15/15)            Temple (0/1) D:7            Lair (5/5) D:8
 Spider (0/4) Lair:2        Slime (0/5) Lair:5          Orc (0/2) D:12
 Vaults (0/5) D:13        Volcano (visited)
  Swamp: Lair:2-3    Shoals: Lair:2-3    Depths: D:15

Altars:
Ashenzari
Cheibriados
Dithmenos
Elyvilon
Fedhas
Gozag
Okawaru
Sif Muna
Trog
Uskayaw
Wu Jian
Xom
Yredelemnul
Zin
The Shining One

Shops:
D:5 (   D:11 *   D:14 !

Annotations:
D:4 Sigmund
Lair:1 exclusion: downstairs
Lair:2 exclusion: oklob plant


Innate Abilities, Weirdness & Mutations

((You are very nimble when in or above water. (Stealth+, EV+, Speed+++)))
Your lower body shifts to a powerful aquatic tail in water.
[Armour fits poorly on your strangely shaped body.]
[You frequently scream uncontrollably at your foes.]


Message History

The raiju bursts into living lightning!
The living lightning hits you!
The raiju blinks!
The raiju bursts into living lightning!
The living lightning misses you.
The raiju blinks!
The wretched star glows turbulently.
The lance of force hits you!!
* * * LOW HITPOINT WARNING * * *
You are knocked back by the lance of force.
You slam into the rock wall!
* * * LOW HITPOINT WARNING * * *
A smoke demon comes into view.
You closely miss the wretched star.
The smoke demon roars!
The raiju bursts into living lightning!
The living lightning misses you.
The raiju blinks!
The wretched star glows turbulently.
The lance of force hits you.
* * * LOW HITPOINT WARNING * * *
You are knocked back by the lance of force.
You slam into the rock wall!
* * * LOW HITPOINT WARNING * * *
You hit the wretched star.
Your weapon exudes an aura of protection.
The wretched star is lightly damaged.
You puncture the wretched star!
The wretched star is moderately damaged.
The wretched star glows turbulently.
The lance of force hits you.
* * * LOW HITPOINT WARNING * * *
You are knocked back by the lance of force.
You slam into the rock wall!
* * * LOW HITPOINT WARNING * * *
The smoke demon gestures at you. The ball of steam misses you.
You puncture the wretched star!
The wretched star is moderately damaged.
The raiju bursts into living lightning!
The living lightning hits you.
You die...
Your body rises from the dead as a mindless zombie.

##.# ## .#.#.#
##.##.#.####
#......##.#.#.
.........#...
...#######..>......#
. ......*.........
.♣..##§..@..h.....♣
##..§#......♣
#.#..§.......♣
#.§§........♣
##.......*..♣.
#.§§..........♣
##3..........♣♣
#......#.......
##...........♣♣.


You could see a wretched star, a raiju and a lurking horror.

Vanquished Creatures
  Gastronok (D:9)
  Nessos (D:12)
  Erolcha (D:9)
  A rakshasa (Abyss:3)
  A boulder beetle (D:13)
  3 hydras
  A catoblepas (Lair:2)
  A death knight (D:13)
  5 centaur warriors
  An ogre mage (D:13)
  2 two-headed ogres
  A death yak (Lair:2)
  A hell hog (Volcano)
  Urug (Lair:2)
  A deep elf knight (D:13)
  A sun demon (Abyss:3)
  Lodul (D:12)
  A fire crab (Volcano)
  6 skeletal warriors
  A flayed ghost (Abyss:3)
  A phantasmal warrior (D:13)
  Pikel (D:9)
  A lindwurm (Lair:5)
  4 deep elf pyromancers
  3 cyclopes
  2 deep elf zephyrmancers (D:13)
  A black mamba (Lair:5)
  7 ugly things
  Joseph (D:8)
  2 elephants
  2 torpor snails
  A gargoyle (D:13)
  5 cane toads
  An unseen horror (D:11)
  A rime drake (Lair:2)
  2 yaktaurs (D:13)
  An ancient zyme (Abyss:3)
  2 freezing wraiths (D:13)
  5 komodo dragons
  2 starcursed masses (Abyss:3)
  A burning bush (Lair:3)
  3 trolls
  3 polar bears
  3 hornets (Lair:5)
  A queen bee (D:9)
  3 raiju (Abyss:3)
  3 blink frogs (Lair:2)
  3 dream sheep
  9 spriggans (Lair:5)
  A shadow (D:12)
  5 wyverns
  32 yaks
  A ynoxinul (Abyss:3)
  4 vampires
  6 wraiths
  5 fire bats
  A basilisk (D:11)
  3 large abominations (Abyss:3)
  Eustachio (D:6)
  3 steam dragons
  8 vampire mosquitoes
  A chaos spawn (Abyss:3)
  3 wargs (D:12)
  Edmund (D:6)
  2 hell hounds (Volcano)
  2 acid dragons
  7 water moccasins
  A black bear (D:6)
  4 orc warriors
  2 sky beasts (D:7)
  21 wolves
  10 ogres
  10 centaurs
  A phantom (D:6)
  4 small abominations (Abyss:3)
  2 kobold brigands
  12 bullfrogs
  3 scorpions
  2 gnoll sergeants
  A necrophage (D:5)
  5 wights (D:9)
  27 killer bees
  7 howler monkeys
  A quasit (Abyss:3)
  3 centaur zombies (D:14)
  4 hounds
  A jelly (D:5)
  7 orc priests
  9 iguanas
  A hell rat (Lair:2)
  7 orc wizards
  10 gnolls
  5 adders
  2 shadow imps
  4 white imps
  An ufetubus (D:5)
  4 worms
  4 dart slugs
  28 orcs
  5 endoplasms
  6 giant cockroaches
  2 goblins
  10 hobgoblins
  5 quokkas
  3 ball pythons
  5 bats
  10 frilled lizards
  11 kobolds
  8 rats
  A lurking horror (Abyss:3)
461 creatures vanquished.

Vanquished Creatures (collateral kills)
  A hydra (Lair:2)
  A catoblepas (Lair:2)
  A boulder beetle (Lair:5)
  2 centaur warriors (D:14)
  2 two-headed ogres
  3 skeletal warriors (D:13)
  A spriggan rider (Lair:5)
  A lindwurm (Lair:4)
  5 ugly things (D:14)
  A cyclops (D:14)
  7 elephants
  A black mamba (Lair:4)
  7 cane toads
  A gargoyle (D:9)
  3 centaur skeletons (D:13)
  4 komodo dragons
  A rime drake (Lair:2)
  A burning bush (Lair:3)
  3 blink frogs (Lair:5)
  A hornet (Lair:5)
  7 dream sheep (Lair:5)
  An air elemental (D:14)
  3 spriggans (Lair:5)
  A wyvern (Lair:5)
  15 yaks
  A fire bat (Volcano)
  A wraith (D:12)
  2 basilisks
  A vampire mosquito (D:13)
  An acid dragon (D:12)
  3 water moccasins
  An orc warrior (D:6)
  A swamp drake (D:8)
  An ice beast (D:7)
  4 black bears
  3 sky beasts (D:14)
  An ogre (D:13)
  A boggart (Lair:5)
  21 wolves (Lair:5)
  A lemure (D:9)
  7 bullfrogs
  2 scorpions
  2 killer bees (D:6)
  A howler monkey (D:8)
  2 orc priests (D:9)
  2 orc wizards (D:9)
  A killer bee zombie (D:9)
  4 gnolls
  An adder (D:6)
  3 worms (Lair:2)
  An orc (D:8)
  2 giant cockroaches (Lair:2)
  4 kobolds
  A plant (Lair:3)
150 creatures vanquished.

Vanquished Creatures (others)
  A centaur skeleton (D:13)
  A catoblepas zombie (Lair:2)
  An unseen horror zombie (D:11)
  A hydra zombie (D:13)
  2 boulder beetle zombies
  A cane toad zombie (Lair:5)
  A human zombie (D:13)
  A fire bat zombie (Volcano)
  2 dream sheep zombies (Lair:5)
  2 elf zombies (D:13)
  2 blink frog zombies (Lair:2)
  A hornet zombie (Lair:5)
  4 elephant zombies
  4 vampire mosquito zombies
  A yaktaur zombie (D:13)
  A spectral chaos spawn (Abyss:3)
  A rime drake zombie (Lair:2)
  A spectral ynoxinul (Abyss:3)
  2 wyvern zombies (D:8)
  A cyclops zombie (D:13)
  A hell hound zombie (Volcano)
  A spectral boggart (Lair:5)
  3 water moccasin zombies
  A polar bear zombie (Lair:5)
  6 spriggan zombies (Lair:5)
  8 yak zombies
  17 wolf zombies (Lair:5)
  7 centaur zombies
  3 bullfrog zombies
  6 ogre zombies
  A boggart zombie (Lair:5)
  2 scorpion zombies
  10 killer bee zombies
  2 sky beast zombies
  A spectral quasit (Abyss:3)
  4 howler monkey zombies
  An adder zombie (D:6)
  11 orc zombies
  A spectral white imp (D:7)
  A worm zombie (Lair:2)
  2 iguana zombies
  3 gnoll zombies (D:13)
  A giant cockroach zombie (Lair:2)
  3 kobold zombies
  39 fungi
  A lurking horror (Abyss:3)
  80 plants
247 creatures vanquished.

Grand Total: 858 creatures vanquished

Notes
Turn   | Place    | Note
-------+----------+-------------------------------------------
     0 | D:1      | porpoise the Merfolk Gladiator began the quest for the Orb.
     0 | D:1      | Reached XP level 1. HP: 16/16 MP: 1/1
   229 | D:1      | Reached XP level 2. HP: 23/23 MP: 2/2
   584 | D:1      | Reached skill level 3 in Fighting
   626 | D:1      | Reached XP level 3. HP: 26/29 MP: 3/3
   990 | D:1      | Reached skill level 5 in Polearms
  1513 | D:2      | You fall into a shaft and drop 1 floor!
  1545 | D:3      | Reached XP level 4. HP: 27/35 MP: 4/4
  1748 | D:3      | Found a glowing silver altar of Zin.
  1749 | D:3      | Found a white marble altar of Elyvilon.
  1753 | D:3      | Found a glowing golden altar of the Shining One.
  1761 | D:3      | Found a hide-covered altar of Uskayaw.
  1857 | D:3      | Reached skill level 4 in Fighting
  1857 | D:3      | Reached XP level 5. HP: 30/42 MP: 5/5
  3260 | D:4      | Found a snail-covered altar of Cheibriados.
  3387 | D:4      | Reached skill level 5 in Fighting
  3387 | D:4      | Reached XP level 6. HP: 51/51 MP: 6/6
  3619 | D:4      | Noticed a water moccasin
  3636 | D:4      | Killed a water moccasin
  3695 | D:4      | Identified the +4 scale mail "Put-Me-On" {rF+ SInv}
  3792 | D:4      | Reached XP level 7. HP: 57/57 MP: 7/7
  3831 | D:4      | Noticed Sigmund
  4338 | D:5      | Entered Level 5 of the Dungeon
  4375 | D:5      | Reached skill level 6 in Fighting
  4477 | D:5      | Found Ihiacok's Weapon Boutique.
  4580 | D:5      | Found a shadowy altar of Dithmenos.
  4735 | D:5      | Found an iron altar of Okawaru.
  5745 | D:6      | Found an opulent altar of Gozag.
  5773 | D:6      | Noticed Edmund
  5782 | D:6      | Reached skill level 7 in Fighting
  5782 | D:6      | Reached XP level 8. HP: 64/67 MP: 8/8
  5785 | D:6      | Killed Edmund
  5899 | D:6      | Reached skill level 10 in Polearms
  5971 | D:6      | Found a basalt altar of Yredelemnul.
  5975 | D:6      | Became a worshipper of Yredelemnul the Dark
  5983 | D:6      | Found a blossoming altar of Fedhas.
  5992 | D:6      | Noticed Eustachio
  6009 | D:6      | Killed Eustachio
  6146 | D:6      | Reached * piety under Yredelemnul
  6282 | D:6      | Reached XP level 9. HP: 72/72 MP: 9/9
  6380 | D:6      | Reached skill level 1 in Invocations
  6402 | D:6      | Reached skill level 1 in Armour
  6416 | D:6      | Reached ** piety under Yredelemnul
  7233 | D:7      | Noticed a two-headed ogre
  7247 | D:7      | Killed a two-headed ogre
  7248 | D:7      | Reached skill level 5 in Invocations
  7248 | D:7      | Reached XP level 10. HP: 74/79 MP: 9/13
  7331 | D:7      | Found a staircase to the Ecumenical Temple.
  7486 | D:7      | Reached skill level 1 in Evocations
  7511 | D:7      | Found a shimmering altar of Xom.
  7608 | D:7      | Found an ornate altar of the Wu Jian Council.
  7652 | D:7      | Reached *** piety under Yredelemnul
  7983 | D:8      | Identified a scroll of acquirement
  7983 | D:8      | Acquired the +2 pair of boots of Soft Rains {Str+4 SInv}
  8177 | D:8      | Reached skill level 5 in Dodging
  8307 | D:8      | Found a staircase to the Lair.
  8494 | D:8      | Noticed Joseph
  8509 | D:8      | Reached skill level 5 in Armour
  8519 | D:8      | Killed Joseph
  8623 | D:8      | Found a broken altar of Ashenzari.
  9173 | D:9      | Noticed a gargoyle
  9188 | D:9      | Killed a gargoyle
  9291 | D:9      | Reached skill level 5 in Evocations
  9308 | D:9      | Reached XP level 11. HP: 33/84 MP: 13/15
  9971 | D:9      | Reached skill level 8 in Fighting
  9982 | D:9      | Reached **** piety under Yredelemnul
 10044 | D:9      | Noticed Pikel
 10061 | D:9      | Killed Pikel
 10474 | D:9      | Found a shimmering blue altar of Sif Muna.
 10501 | D:9      | Got Sif Muna's Handbook of Transposition
 10518 | D:9      | Upgraded the game from 0.30-a0-23-ge60ba3568b to
                  | 0.30-a0-29-g142975f185
 10578 | D:9      | Noticed Gastronok
 10603 | D:9      | Killed Gastronok
 10605 | D:9      | Reached ***** piety under Yredelemnul
 10621 | D:9      | Identified the +0 cloak of Existentialism {+Inv Dex+4}
 10728 | D:9      | Noticed Erolcha
 10736 | D:9      | Killed Erolcha
 10737 | D:9      | Reached skill level 9 in Fighting
 10895 | D:9      | Found a bloodstained altar of Trog.
 10948 | D:10     | Entered Level 10 of the Dungeon
 11044 | D:10     | Reached skill level 10 in Dodging
 11870 | D:10     | Noticed a two-headed ogre
 11878 | D:10     | Killed a two-headed ogre
 11879 | D:10     | Reached skill level 10 in Fighting
 12024 | Lair:1   | Entered Level 1 of the Lair of Beasts
 12034 | Lair:1   | Reached XP level 12. HP: 79/97 MP: 17/17
 12420 | Lair:1   | Found a dark tunnel.
 12435 | Volcano  | Entered a volcano
 12453 | Volcano  | Noticed a hell hog
 12466 | Volcano  | Killed a hell hog
 12518 | Volcano  | Identified the +0 helmet "Xuahel Asua" {rC+}
 13079 | Lair:1   | Reached skill level 11 in Fighting
 13744 | Lair:2   | Noticed an eight-headed hydra
 13753 | Lair:2   | Killed an eight-headed hydra
 13966 | Lair:2   | Noticed a catoblepas
 14014 | Lair:2   | Killed a catoblepas
 14320 | Lair:2   | Noticed a six-headed hydra
 14320 | Lair:2   | Noticed a catoblepas
 14320 | Lair:2   | Noticed a seven-headed hydra
 14321 | Lair:2   | Noticed a death yak
 14356 | Lair:2   | Killed a catoblepas
 14378 | Lair:2   | Killed a death yak
 14424 | Lair:2   | Reached skill level 12 in Fighting
 14525 | Lair:2   | Killed a seven-headed hydra
 14884 | Lair:2   | Killed a six-headed hydra
 14884 | Lair:2   | Enslaved a six-headed hydra
 15123 | Lair:2   | Noticed Urug
 15139 | Lair:2   | Killed Urug
 15140 | Lair:2   | Reached XP level 13. HP: 100/108 MP: 18/18
 15245 | Lair:2   | Found a hole to the Spider Nest.
 16064 | Lair:3   | Reached skill level 13 in Fighting
 16143 | Lair:3   | Reached ****** piety under Yredelemnul
 17612 | Lair:5   | Entered Level 5 of the Lair of Beasts
 17865 | Lair:5   | Reached skill level 14 in Fighting
 17934 | Lair:5   | Found a staircase to the Slime Pits.
 18376 | Lair:5   | Reached XP level 14. HP: 121/121 MP: 20/20
 18446 | Lair:5   | Reached skill level 15 in Fighting
 20329 | Lair:1   | Acquired the amulet of Lyasela {rF+ rC+ Regen+}
 20749 | D:11     | Reached skill level 10 in Invocations
 20771 | D:11     | Reached skill level 16 in Fighting
 20831 | D:11     | Found Velel's Assorted Antiques.
 20838 | D:11     | Bought an emerald potion for 22 gold pieces
 20838 | D:11     | Bought a glowing bone wand for 100 gold pieces
 21327 | D:12     | Found a staircase to the Orcish Mines.
 22274 | D:12     | Noticed Nessos
 22308 | D:12     | Reached skill level 1 in Shields
 22321 | D:12     | Killed Nessos
 22405 | D:12     | Noticed Lodul
 22410 | D:12     | Killed Lodul
 22410 | D:12     | Your ally Lodul died
 22410 | D:12     | Your ally Nessos died
 23318 | D:13     | Reached XP level 15. HP: 49/131 MP: 23/23
 24202 | D:13     | Reached skill level 5 in Shields
 25535 | D:13     | Found a gate to the Vaults.
 26357 | D:14     | Found Qufenire's Distillery.
 26373 | D:14     | Bought a potion of heal wounds for 65 gold pieces
 26373 | D:14     | Bought a potion of heal wounds for 65 gold pieces
 26373 | D:14     | Bought a potion of curing for 39 gold pieces
 26373 | D:14     | Bought a potion of curing for 39 gold pieces
 26516 | D:14     | Reached skill level 15 in Dodging
 27045 | D:14     | Paralysed by an air elemental for 1 turns
 27080 | D:14     | Paralysed by an air elemental for 1 turns
 27376 | D:15     | Entered Level 15 of the Dungeon
 27380 | Abyss:3  | Cast into level 3 of the Abyss (a wizard)
 27396 | Abyss:3  | Found a hazy altar of Hepliaklqana.
 27497 | Abyss:3  | Found a corrupted altar of Lugonu.
 27706 | Abyss:3  | Found a corrupted altar of Lugonu.
 27774 | Abyss:3  | HP: 1/131 [starcursed mass/accursed screaming (7)]
 27776 | Abyss:3  | Found a corrupted altar of Lugonu.
 27956 | Abyss:3  | HP: 6/131 [wretched star/lance of force (5)]
 27956 | Abyss:3  | HP: 2/131 [rock wall collision (4)]
 27957 | Abyss:3  | Killed from afar by a raiju

Illustrated notes

Levels and vault maps discovered:
D:1:      dpeg_arrival_prison, layout_loops_ring, minmay_statues_item
D:2:      layout_basic, dreamdust_princess_corridor, chequers_decorated_corner
D:3:      layout_loops_ring, good_gods_temple_1, eat_drink_and_be_merry_uskayaw,
          wander_ebering_terrifying_dragon_lair
D:4:      layout_basic, slow_altar_2, uniq_sigmund
D:5:      layout_layer_cave, okawaru_metal_pillars_3, old_standard_altar,
          serial_shops, nicolae_shop_bloodbath_and_beyond
D:6:      hellmonk_destroyed_diamonds, layout_loops_cross, kennysheep_mini_moat,
          grunt_gozag_breadcrumbs, mainiacjoe_overflow_brackets, st_stairs_11,
          uniq_edmund, uniq_eustachio
D:7:      minmay_recursive_quarters, layout_loops_cross,
          mainiacjoe_overflow_boulevard, mainiacjoe_overflow_paths,
          minmay_temple_entry_nine_rooms, eino_tiny_chamber
D:8:      layout_basic, nicolae_ashenzari_panopticon, erik_lair_dragon,
          uniq_joseph
D:9:      layout_roguey [special_room_bee], led_sif_book,
          david_defended_altar_orc, uniq_gastronok, uniq_erolcha, uniq_pikel
D:10:     layout_grid_maze, minmay_misc_feat_enclosed, roderic_lattice_a
D:11:     layout_loops_ring, serial_shops, shop
D:12:     layout_roguey, minmay_orc_entry_guard_dogs, uniq_nessos, uniq_lodul
D:13:     layout_loops_corners, hangedman_vaults_entry_quadrant_bands
D:14:     layout_layer_cave, serial_shops, shop, dreamdust_looks_like_rain
D:15:     grunt_enter_depths_magical_seal, layout_long_grid, enter_trove_5,
          small_statue_intersection
Lair:1:   layout_cave_pods, nicolae_volcano_entry_batcave, lemuel_fruit_tree
Lair:2:   nzn_winding_woodlands_stair_trap
          [nzn_winding_woodlands_5x15_lazy_stream,
          nzn_winding_woodlands_5x15_concentric,
          nzn_winding_woodlands_5x15_default,
          nzn_winding_woodlands_15x15_killbox,
          nzn_winding_woodlands_5x15_longhouse,
          nzn_winding_woodlands_5x15_sidewinder,
          nzn_winding_woodlands_5x15_twine], layout_small_grid, swamp_mist,
          nicolae_spider_entry_non_spiders, hellmonk_guarded_unrand_vines,
          serial_bayou_shore_b, uniq_urug
Lair:3:   layout_gridlike, evilmike_ambush [evilmike_ambush_outer_basic,
          evilmike_ambush_inner_basic], serial_bayou_shore_a
Lair:4:   layout_cave_pods
Lair:5:   minmay_lair_end_enchanted_forest, layout_gridlike, slime_entry_1,
          grunt_forest_large_clearings
Abyss:3:  base: Lair:5, evilmike_abyss_exit_7

Skill      XL: |  1  2  3  4  5  6  7  8  9 10 11 12 13 14 15 |
---------------+----------------------------------------------+-----
Fighting       | 3 4 5 7 10 12 14 16 | 16.0
Polearms       | 5 6 7 9 12 14 | 14.0
Invocations    | 5 7 9 11 13 | 13.3
Armour         | 4 5 7 |  7.0
Evocations     | 5 7 9 |  9.0
Dodging        | 7 10 12 13 15 | 15.6
Shields        | 4 5 |  5.0
Throwing       | |  2.0

Action                   |  1- 3 |  4- 6 |  7- 9 | 10-12 | 13-15 || total
-------------------------+-------+-------+-------+-------+-------++-------
Melee: Trident           |   121 |   165 |   326 |   669 |  1340 ||  2621
       Punch             |       |     2 |     6 |     5 |     5 ||    18
       Tailslap          |       |       |       |       |     5 ||     5
 Fire: Sling             |       |     5 |    12 |     2 |     2 ||    21
Throw: Boomerang         |       |       |     1 |       |       ||     1
       Throwing net      |       |       |       |     1 |     1 ||     2
       Dart              |       |       |       |       |     3 ||     3
Invok: Dark Bargain      |       |       |     1 |     2 |       ||     3
       Bind Soul         |       |       |       |     1 |     2 ||     3
       Recall Undead Har |       |       |       |       |     2 ||     2
Evoke: Wand              |       |       |       |     4 |     6 ||    10
       Phial of floods   |       |       |       |       |     1 ||     1
       Piece from Xom's  |       |       |       |       |     1 ||     1
       Condenser vane    |       |       |       |       |     1 ||     1
  Use: Scroll            |       |     5 |     1 |    16 |    13 ||    35
       Potion            |       |       |     2 |     5 |    10 ||    17
 Stab: Sleeping          |     2 |       |       |       |     1 ||     3
       Distracted        |       |       |       |     6 |    22 ||    28
       Petrified         |       |       |       |     2 |       ||     2
       Petrifying        |       |       |       |     1 |       ||     1
       Paralysed         |       |       |       |       |     8 ||     8
Armor: Ring mail         |    35 |    42 |       |       |       ||    77
       Scale mail        |       |     2 |   132 |   172 |   378 ||   684
       Skin              |       |       |       |    76 |       ||    76
Dodge: Dodged            |    56 |    63 |   159 |   276 |   633 ||  1187
Block: Buckler           |       |       |       |       |   114 ||   114

Table legend: (Time is in decaauts)
 A = Elapsed time spent in this place.
 B = Non-inter-level travel time spent in this place.
 C = Inter-level travel time spent in this place.
 D = Time resting spent in this place.
 E = Time spent auto-exploring this place.
 F = Levels seen in this place.
 G = Mean time per level.
                   A        B        C        D        E       F      G
               +--------+--------+--------+--------+--------+-----+--------+
         Total |  30708 |  28408 |   2300 |   6867 |  16428 |  22 | 1395.8 |
       Dungeon |  20019 |  18821 |   1198 |   4378 |  11292 |  15 | 1334.6 |
          Lair |   9845 |   8743 |   1102 |   2161 |   4963 |   5 | 1969.0 |
         Abyss |    517 |    517 |      0 |    233 |     70 |   1 |  517.0 |
       Volcano |    325 |    325 |      0 |     94 |    102 |   1 |  325.0 |
               +--------+--------+--------+--------+--------+-----+--------+

Top non-repeatable levels by time:
  Lair:2: 3276 daAuts
    D:13: 2748 daAuts
  Lair:5: 2368 daAuts
     D:9: 2293 daAuts
    D:14: 1989 daAuts
     D:8: 1674 daAuts
     D:3: 1654 daAuts
  Lair:1: 1651 daAuts
     D:5: 1391 daAuts
  Lair:4: 1312 daAuts
  Lair:3: 1236 daAuts
     D:1: 1219 daAuts
    D:10: 1189 daAuts
     D:7: 1174 daAuts
     D:6: 1139 daAuts
